 Dungeon Crawl Stone Soup version 0.26-a0-663-g36e8fdb655 (webtiles) character file.

Game seed: 10651117973852842916

380 Makr the Conjurer (level 6, 0/75 HPs)
             Began as a Naga Conjurer on Oct 11, 2020.
             Slain by a lemure (4 damage)
             ... led by Pikel
             ... on level 4 of the Dungeon.
             The game lasted 00:14:20 (4014 turns).

Makr the Conjurer (Naga Conjurer)                   Turns: 4014, Time: 00:14:21

Health: 0/75       AC:  4    Str:  9    XL:     6   Next: 75%
Magic:  12/12      EV: 10    Int: 21    God:
Gold:   170        SH:  0    Dex:  9    Spells: 10/13 levels left

rFire    . . .     SeeInvis +   e - +0 spear
rCold    . . .     Faith    .   (no shield)
rNeg     . . .     Spirit   .   a - +0 robe
rPois    +         Reflect  .   (no helmet)
rElec    .         Harm     .   d - +0 cloak
rCorr    +         Rampage  .   (no gloves)
MR       .....                  (no barding)
Stlth    ..........             (no amulet)
HPRegen  0.22/turn              c - ring of resist corrosion
MPRegen  0.13/turn              (no ring)

@: berserking (expiring), quick
A: large, see invisible, deformed body, poison resistance, slowness 2, spit
poison 1, AC +2
a: Spit Poison


You were on level 4 of the Dungeon.
You visited 1 branch of the dungeon, and saw 4 of its levels.

You collected 170 gold pieces.

Inventory:

Hand Weapons
 e - a +0 spear (weapon)
 n - a +0 trident
Missiles
 h - 14 poisoned darts (quivered)
 i - 3 javelins
Armour
 a - a +0 robe (worn)
 d - a +0 cloak (worn)
Jewellery
 b - an uncursed ring of ice
 c - a ring of resist corrosion (left hand)
 r - an uncursed amulet of regeneration {unknown}
Scrolls
 f - 2 scrolls of remove curse {unknown}
 j - a scroll of enchant armour {unknown}
 m - 2 scrolls of immolation {unknown}
 o - a scroll of random uselessness {unknown}
 q - 7 scrolls of identify
Potions
 g - a potion of brilliance
 k - a potion of might
 l - a potion of resistance


   Skills:
 + Level 0.8 Fighting
 - Level 1.5 Dodging
 - Level 3.0 Stealth
 + Level 4.2 Spellcasting
 + Level 6.4 Conjurations


You had 10 spell levels left.
You knew the following spells:

 Your Spells              Type           Power        Failure   Level
a - Magic Dart            Conj           ####         1%          1
b - Searing Ray           Conj           ####..       1%          2

Your spell library contained the following spells:

 Spells                   Type           Power        Failure   Level
 Dazzling Flash           Conj/Hex       ###...       10%         3
 Fulminant Prism          Conj/Hex       ###.......   30%         4
 Iskenderun's Mystic Bla  Conj/Tloc      ###.....     30%         4


Dungeon Overview and Level Annotations

Branches:
Dungeon (4/15)
 Temple: D:4-7

Altars:
Elyvilon
Hepliaklqana
Nemelex Xobeh
Trog


Innate Abilities, Weirdness & Mutations

You cannot wear boots.
Your serpentine skin is tough. (AC +2)
You have supernaturally acute eyesight. (SInv)
Armour fits poorly on your strangely shaped body.
Your system is resistant to poisons. (rPois)
You cover ground very slowly.
You can spit poison.


Message History

That felt strangely unrewarding.
You have got your breath back.
You hit the lemure.
The lemure is moderately wounded.
The lemure misses you.
You puncture the lemure!
The lemure is severely wounded.
You puncture the lemure!
You kill the lemure!
That felt strangely unrewarding.
You are too berserk!
You barely miss the lemure. The lemure closely misses you.
You barely miss the lemure. You miss the lemure. The lemure closely misses you.
You closely miss the lemure. The lemure closely misses you.
You barely miss the lemure. You puncture the lemure!
The lemure is moderately wounded.
The lemure hits you.
You die...

.[...# #...# ..^..
.....## #...# .$..
....).#
##...############# 55..
##.##.#
#....##........... ...
##.##.# #...###.####†#
#.# ... ##.##.#
#............# #.# #.5
##..#.####..####.###..#
#.# #.. .....)......#
#.###..###.#####..
###.#.####.##
#@##...##...##..5.
...#.# #.#
#5##..............
##..#[# #.#
#5##.####..5##....
.#..#.# #.
#(##.#####.###....
#...#)####.#
#....5.....# #..#.
##..÷......#
####.####### #..#.
#...######## #.# #..##
.#..########## #.# #..#
....†).......# #.# #<.#


You could see 2 lemures.

Vanquished Creatures
  2 lemures (D:4)
  A scorpion (D:4)
  2 orc wizards (D:4)
  An orc priest (D:2)
  Crazy Yiuf (D:2)
  A worker ant (D:4)
  2 hound skeletons (D:4)
  7 adders
  An ooze (D:3)
  3 worms
  2 dart slugs (D:1)
  2 leopard geckos
  8 orcs
  7 bats
  5 giant cockroaches
  13 goblins
  8 hobgoblins
  A jackal (D:1)
  7 kobolds
  A quokka (D:3)
  A ball python (D:3)
  5 frilled lizards
  A jackal skeleton (D:4)
  8 rats
90 creatures vanquished.

Vanquished Creatures (others)
  A plant (D:2)
1 creature vanquished.

Grand Total: 91 creatures vanquished

Notes
Turn   | Place    | Note
-------+----------+-------------------------------------------
     0 | D:1      | Makr the Naga Conjurer began the quest for the Orb.
     0 | D:1      | Reached XP level 1. HP: 15/15 MP: 3/3
   117 | D:1      | Reached XP level 2. HP: 21/22 MP: 3/5
   370 | D:1      | Reached XP level 3. HP: 23/28 MP: 1/6
   706 | D:1      | Learned a level 2 spell: Searing Ray
  1364 | D:2      | Reached skill level 5 in Conjurations
  1402 | D:2      | Reached XP level 4. HP: 36/37 MP: 2/7
  1485 | D:2      | Found a hazy altar of Hepliaklqana.
  1485 | D:2      | Found a bloodstained altar of Trog.
  1516 | D:2      | Found a white marble altar of Elyvilon.
  1820 | D:2      | Reached XP level 5. HP: 43/43 MP: 5/9
  2074 | D:2      | Found a runed translucent door.
  2075 | D:2      | Noticed Crazy Yiuf
  2148 | D:2      | Killed Crazy Yiuf
  2572 | D:3      | Found a sparkling altar of Nemelex Xobeh.
  3186 | D:4      | Reached skill level 6 in Conjurations
  3258 | D:4      | Reached XP level 6. HP: 50/50 MP: 7/11
  4004 | D:4      | HP: 3/75 [lemure[Pikel] (9)]
  4014 | D:4      | Slain by a lemure

Illustrated notes

Levels and vault maps discovered:
D:1:      dpeg_arrival_arbitrary_a, layout_rooms, minivault_23, minmay_bisected
D:2:      cheibrodos_pilgrimage, layout_basic,
          gammafunk_temple_overflow_forgotten, uniq_crazy_yiuf_cottage
D:3:      layout_loops_corners, skrybe_limestone_x, nemelex_dance_club_becter
D:4:      layout_loops_ring, minmay_joined_circles, uniq_pikel, uniq_grinder

Skill      XL: |  1  2  3  4  5  6 |
---------------+-------------------+-----
Conjurations   | 5 6 |  6.4
Spellcasting   | 3 4 |  4.2
Fighting       | |  0.8
Dodging        | |  1.5
Stealth        | |  3.0

Action                   |  1- 3 |  4- 6 || total
-------------------------+-------+-------++-------
Melee: Spear             |     2 |    11 ||    13
Throw: Dart              |       |     5 ||     5
 Cast: Magic Dart        |    53 |   115 ||   168
 Abil: Spit Poison       |    16 |    24 ||    40
  Use: Scroll            |       |     4 ||     4
       Potion            |       |     1 ||     1
Armor: Robe              |    11 |     6 ||    17
Dodge: Dodged            |    14 |    19 ||    33

Table legend: (Time is in decaauts)
 A = Elapsed time spent in this place.
 B = Non-inter-level travel time spent in this place.
 C = Inter-level travel time spent in this place.
 D = Time resting spent in this place.
 E = Time spent auto-exploring this place.
 F = Levels seen in this place.
 G = Mean time per level.
                   A        B        C        D        E       F      G
               +--------+--------+--------+--------+--------+-----+--------+
         Total |   4769 |   4625 |    144 |   1074 |   2943 |   4 | 1192.2 |
       Dungeon |   4769 |   4625 |    144 |   1074 |   2943 |   4 | 1192.2 |
               +--------+--------+--------+--------+--------+-----+--------+

Top non-repeatable levels by time:
     D:1: 1531 daAuts
     D:3: 1178 daAuts
     D:2: 1149 daAuts
     D:4: 910 daAuts
